 Dungeon Crawl Stone Soup version 0.27-a0-1529-g1e82c303ef (webtiles) character file.

Game seed: 8346698160845136802

632 Conn the Firebug (level 7, -4/41 HPs)
             Began as an Octopode Fire Elementalist on July 12, 2021.
             Slain by Kinoniko's ghost (24 damage)
             ... on level 5 of the Dungeon.
             The game lasted 00:11:56 (6754 turns).

Conn the Firebug (Octopode Fire Elementalist)       Turns: 6754, Time: 00:11:56

Health: -4/41      AC:  1    Str:  8    XL:     7   Next: 49%
Magic:  12/12      EV: 13    Int: 19    God:
Gold:   284        SH:  5    Dex: 12    Spells: 2/13 levels left

rFire    . . .     SeeInvis .   j - +0 dagger (venom)
rCold    . . .     Faith    .   (no shield)
rNeg     . . .     Spirit   .   (helmet restricted)
rPois    .         Reflect  +   o - amulet of reflection
rElec    .         Harm     .   (no ring)
rCorr    .         Rampage  .   (no ring)
Will     .....                  (no ring)
Stlth    +++.......             (no ring)
HPRegen  0.13/turn              (no ring)
MPRegen  0.13/turn              (no ring)
                                (no ring)
                                (no ring)

@: no status effects
A: almost no armour, amphibious, 8 rings, camouflage 1, gelatinous body 1,
(nimble swimmer 1), tentacles
a: no special abilities


You were on level 5 of the Dungeon.
You visited 1 branch of the dungeon, and saw 5 of its levels.

You collected 284 gold pieces.

Inventory:

Hand Weapons
 f - a +0 short sword
 j - a +0 dagger of venom (weapon)
Missiles
 q - 19 poisoned darts
Magical Staves
 s - a staff of death
Jewellery
 o - an amulet of reflection (around mantle)
Wands
 m - a wand of digging (5)
 p - a wand of flame (17)
Scrolls
 a - a scroll of summoning {unknown}
 e - 2 scrolls of blinking {unknown}
 h - 6 scrolls of identify {unknown}
 l - a scroll of enchant weapon {unknown}
 r - a scroll of fear {unknown}
 u - a scroll of noise {unknown}
 w - a scroll of vulnerability {unknown}
 x - 3 scrolls of amnesia {unknown}
Potions
 b - 2 potions of curing
 c - a potion of heal wounds {unknown}
 d - a potion of magic {unknown}
 g - a potion of mutation {unknown}
 i - 2 potions of haste {unknown}
 k - a potion of flight {unknown}
 n - a potion of lignification {unknown}
 t - a potion of might {unknown}
 v - a potion of cancellation {unknown}


   Skills:
 + Level 0.2 Fighting
 + Level 0.8 Short Blades
 - Level 2.0 Dodging
 - Level 2.6 Stealth
 + Level 0.1 Shields
 - Level 0.8 Unarmed Combat
 + Level 3.7 Spellcasting
 * Level 4.9 Conjurations
 * Level 1.7 Hexes
 * Level 5.1 Fire Magic


You had 2 spell levels left.
You knew the following spells:

 Your Spells              Type           Power      Damage    Failure   Level
a - Foxfire               Conj/Fire      88%        2x1d8     1%          1
b - Conjure Flame         Conj/Fire      22%        6-21      5%          3
c - Inner Flame           Hex/Fire       16%        N/A       11%         3
d - Sticky Flame          Conj/Fire      22%        2d4       19%         4

Your spell library contained the following spells:

 Spells                   Type           Power      Damage    Failure   Level
 Static Discharge         Conj/Air       12%        N/A       8%          2
 Fireball                 Conj/Fire      11%        3d7       45%         5
 Dispel Undead            Necr           3%         3d7       80%         4


Dungeon Overview and Level Annotations

Branches:
Dungeon (5/15)
 Temple: D:4-7

Altars:
Cheibriados
Vehumet

Shops:
D:4 :

Annotations:
D:5 Kinoniko's ghost, novice MiBe


Innate Abilities, Weirdness & Mutations

You cannot wear most types of armour.
You are amphibious.
You can wear up to eight rings at the same time.
Your skin changes colour to match your surroundings (Stealth+).
Your rubbery body absorbs attacks. (AC +1, EV +1)
((You are camouflaged near water. (Stealth+)))
You have tentacles for arms and can constrict up to eight enemies at once.


Message History

You hit the adder.
The adder looks as sick as possible!
The adder is severely wounded.
You constrict the adder, but do no damage.
You feel sick. The adder bites you but does no damage.
The adder closely misses you.
You barely miss the adder. You squeeze the adder.
You kill the adder!
You hear the quick hiss of an avalanche of sand nearby.
You feel sick.
Unknown command.
You feel sick.
You feel sick.
You feel sick.
You are no longer poisoned.
Kinoniko's ghost whispers, "You will understand me better in a moment."
Things that are here:
a jackal corpse; a jackal corpse Kinoniko's ghost hits you!
There is a stone staircase leading up here.
You hear the rapid hiss of a very distant avalanche of sand.
You block the adder's attack.
Casting: Sticky Flame (quite dangerous; 19% risk of failure)
Confirm with . or Enter, or press ? or * to list all spells.
The spell is quite dangerous to cast (19% risk of failure)!
Continue anyway?
Aiming: Sticky Flame (quite dangerous; 19% risk of failure)
Press: ? - help, Shift-Dir - straight line, f - adder
Aim: an adder (100% to hit)
The sticky flame hits the adder.
The adder is moderately wounded.
The adder is covered in liquid flames!
The adder burns!
The adder bites you.
Kinoniko's ghost says, "I'll split you in two!"
The adder misses you.
The adder burns!
You kill the adder!
You see here a +0 club.
Items here: )) [[.
There is a stone staircase leading up here.
Kinoniko's ghost hits you!!
Ouch! That really hurt!
You die...

..............####
.....##..##...##.########
..#.###.................#########
..#.###).........<.####.#.......#
......))..........#####.#.#####.#
.##..###.##...##.###......# #.#
.........##[.<##.# #.##.#.#####.#
####.###########.# #.##.......#.#
#.# ##@###.####.###.#.# #.#
##..W##.# #.# #.#.# #.###
##.....#.####.###S#.# #.#.##
##...................#
#....####......รท..####...#.###
#.......+.........+..........S
##...####.........####...#.###
##(.# ##.......## ##.##.# ##.#
##.....## ####.#


You could see Kinoniko's ghost.

Vanquished Creatures
  A black bear (D:4)
  A scorpion (D:4)
  A water moccasin skeleton (D:4)
  3 orc priests (D:3)
  2 iguanas (D:4)
  2 orc wizards
  A hound zombie (D:5)
  3 gnolls (D:4)
  7 adders
  A shadow imp (D:5)
  A white imp (D:5)
  An adder skeleton (D:4)
  3 worms
  2 dart slugs
  10 orcs
  11 ball pythons
  8 endoplasms
  13 giant cockroaches
  4 goblins
  4 hobgoblins
  3 jackals (D:5)
  5 kobolds
  2 quokkas
  11 bats
  5 frilled lizards
  6 rats
111 creatures vanquished.

Vanquished Creatures (others)
  351 foxfires
351 creatures vanquished.

Grand Total: 462 creatures vanquished

Notes
Turn   | Place    | Note
-------+----------+-------------------------------------------
     0 | D:1      | Conn the Octopode Fire Elementalist began the quest for the
                  | Orb.
     0 | D:1      | Reached XP level 1. HP: 11/11 MP: 3/3
   244 | D:1      | Reached XP level 2. HP: 14/17 MP: 0/5
   907 | D:1      | Reached XP level 3. HP: 21/21 MP: 3/6
  1983 | D:2      | Found a faded altar of an unknown god.
  2287 | D:2      | Reached XP level 4. HP: 27/27 MP: 3/7
  3267 | D:3      | Learned a level 3 spell: Conjure Flame
  3271 | D:3      | Learned a level 3 spell: Inner Flame
  3392 | D:3      | Reached skill level 4 in Fire Magic
  3569 | D:3      | Reached XP level 5. HP: 13/31 MP: 4/8
  3579 | D:4      | Found Xuklyxin's Book Shop.
  3746 | D:4      | Found a radiant altar of Vehumet.
  4129 | D:4      | Found a snail-covered altar of Cheibriados.
  4453 | D:4      | Noticed a black bear
  4460 | D:4      | Killed a black bear
  4461 | D:4      | Reached skill level 1 in Hexes
  4461 | D:4      | Reached XP level 6. HP: 20/36 MP: 10/10
  5416 | D:3      | Reached XP level 7. HP: 29/41 MP: 7/12
  6166 | D:3      | Learned a level 4 spell: Sticky Flame
  6202 | D:5      | Entered Level 5 of the Dungeon
  6369 | D:5      | Reached skill level 5 in Fire Magic
  6639 | D:5      | Found a runed translucent door.
  6642 | D:5      | Noticed Kinoniko's ghost (novice MiBe)
  6754 | D:5      | Slain by Kinoniko's ghost

Illustrated notes

Levels and vault maps discovered:
D:1:      shiori_arrival_maze, layout_loops_ring, minmay_close_crescents
D:2:      layout_loops_cross, ebering_ecumenical_altar_ruins
D:3:      minmay_roachtagon, layout_basic
D:4:      layout_loops_ring, vehumet_altar_wand_db, mainiacjoe_overflow_paths,
          serial_shops, shop, amcnicky_mini_pool_small
D:5:      layout_loops_corners, nicolae_wu_jian_wuxing_cycle,
          nicolae_ossuary_entry_catacombs, ebering_ghost_sewer_d

Skill      XL: |  1  2  3  4  5  6  7 |
---------------+----------------------+-----
Conjurations   | 2 3 4 |  4.9
Fire Magic     | 4 5 |  5.1
Spellcasting   | 3 |  3.7
Hexes          | 1 |  1.7
Fighting       | |  0.2
Short Blades   | |  0.8
Dodging        | |  2.0
Stealth        | |  2.6
Shields        | |  0.1
Unarmed Combat | |  0.8

Action                   |  1- 3 |  4- 6 |  7- 9 || total
-------------------------+-------+-------+-------++-------
Melee: Unarmed           |     6 |       |       ||     6
       Constrict         |     1 |    10 |     7 ||    18
       Dagger            |       |    36 |    22 ||    58
       Tentacles         |       |     7 |     7 ||    14
       Punch             |       |       |     1 ||     1
 Cast: Foxfire           |    84 |    94 |    40 ||   218
       Conjure Flame     |       |     1 |     2 ||     3
       Sticky Flame      |       |       |     2 ||     2
  Use: Potion            |       |     1 |       ||     1
Armor: Skin              |     6 |       |     1 ||     7
Dodge: Dodged            |    16 |    51 |    11 ||    78
Block: Other             |       |    12 |     8 ||    20

Table legend: (Time is in decaauts)
 A = Elapsed time spent in this place.
 B = Non-inter-level travel time spent in this place.
 C = Inter-level travel time spent in this place.
 D = Time resting spent in this place.
 E = Time spent auto-exploring this place.
 F = Levels seen in this place.
 G = Mean time per level.
                   A        B        C        D        E       F      G
               +--------+--------+--------+--------+--------+-----+--------+
         Total |   6754 |   6588 |    166 |   1033 |   4046 |   5 | 1350.8 |
       Dungeon |   6754 |   6588 |    166 |   1033 |   4046 |   5 | 1350.8 |
               +--------+--------+--------+--------+--------+-----+--------+

Top non-repeatable levels by time:
     D:4: 1898 daAuts
     D:3: 1715 daAuts
     D:1: 1507 daAuts
     D:2: 1082 daAuts
     D:5: 550 daAuts
